 Dungeon Crawl Stone Soup version 0.32-a0-471-gb91d5d9764 (webtiles) character file.

Game seed: 10270749562126183222

1388 funkygono the Thaumaturge (level 8, 0/41 HPs)
             Began as a Deep Elf Fire Elementalist on Feb 25, 2024.
             Was a Follower of Vehumet.
             Slain by a water moccasin (5 damage)
             ... on level 5 of the Dungeon.
             The game lasted 00:15:14 (5755 turns).

funkygono the Thaumaturge (DEFE)                    Turns: 5755, Time: 00:15:15

Health: 0/41       AC: 10    Str:  5    XL:     8   Next: 40%
Magic:  13/22      EV: 13    Int: 23    God:    Vehumet [*.....]
Gold:   326        SH:  0    Dex: 15    Spells: 9/24 levels left

rFire   . . .        w - +1 dagger (speed)
rCold   . . .        (no shield)
rNeg    . . .        a - +0 robe
rPois   .            x - +2 hat
rElec   .            m - +1 cloak
rCorr   .            q - +1 pair of gloves
SInv    .            k - +1 pair of boots
Will    .....        (no amulet)
Stlth   +++          (no ring)
HPRegen 0.26/turn    (no ring)
MPRegen 0.18/turn

%: no passive effects
@: lethally poisoned (0 -> -7)
A: no striking features
a: Renounce Religion


You were on level 5 of the Dungeon.
You worshipped Vehumet.
Vehumet was aware of your devotion.
You visited 2 branches of the dungeon, and saw 7 of its levels.

You collected 326 gold pieces.

Inventory:

Hand Weapons
 w - a +1 dagger of speed (weapon)
 A - a +4 quarterstaff of chaos
Missiles
 n - a throwing net
Armour
 a - a +0 robe (worn)
 k - a +1 pair of boots (worn)
 m - a +1 cloak (worn)
 q - a +1 pair of gloves (worn)
 x - a +2 hat (worn)
Magical Staves
 g - a staff of earth
 B - a staff of cold
Talismans
 c - a dragon-blood talisman
 e - a beast talisman
 s - a serpent talisman
Wands
 u - a wand of mindburst (5)
 y - a wand of flame (21)
Scrolls
 f - 4 scrolls of teleportation
 h - a scroll of vulnerability
 o - a scroll of fear
Potions
 b - 2 potions of magic
 d - 5 potions of heal wounds
 i - a potion of might
 j - a potion of mutation
 l - 2 potions of cancellation
 p - a potion of enlightenment
 r - 2 potions of curing
 t - a potion of resistance {unknown}
 z - a potion of attraction {unknown}
 C - 2 potions of brilliance {unknown}


   Skills:
 + Level 0.2 Fighting
 + Level 2.8 Dodging
 + Level 4.4 Stealth
 + Level 8.5 Spellcasting
 + Level 4.9 Conjurations
 + Level 6.9 Fire Magic
 * Level 2.7 Shapeshifting


You had 9 spell levels left.
You knew the following spells:

 Your Spells              Type           Power      Damage    Failure   Level
a - Foxfire               Conj/Fire      100%       2x1d9     1%          1
b - Scorch                Fire           82%        2d8       1%          2
c - Volatile Blastmotes   Fire/Tloc      50%        2d14      4%          3
d - Flame Wave            Conj/Fire      36%        2d10      6%          4
e - Sting                 Conj/Alch      84%        1d8       2%          1
f - Olgreb's Toxic Radia  Alch           9%         N/A       54%         4

Your spell library contained the following spells:

 Spells                   Type           Power      Damage    Failure   Level
 Shock                    Conj/Air       84%        1d8       2%          1
 Inner Flame              Hex/Fire       25%        N/A       4%          3
 Apportation              Tloc           18%        N/A       7%          1
 Necrotise                Necr           36%        1d5       7%          1
 Summon Small Mammal      Summ           36%        N/A       7%          1
 Mercury Vapours          Alch/Air       18%        N/A       10%         2
 Fugue of the Fallen      Necr           9%         N/A       21%         3
 Ozocubu's Armour         Ice            9%         N/A       21%         3
 Manifold Assault         Tloc           9%         N/A       54%         4
 Chain Lightning          Conj/Air       10%        3d14      100%        9
 Fire Storm               Conj/Fire      18%        8d5       100%        9
 Shatter                  Erth           4%         3d8*      100%        9


Dungeon Overview and Level Annotations

Branches:
Dungeon (6/15)             Temple (1/1) D:4

Altars:
Cheibriados
Dithmenos
Fedhas
Gozag
Hepliaklqana
Kikubaaqudgha
Makhleb
Nemelex Xobeh
Okawaru
Vehumet
Wu Jian
The Shining One

Shops:
D:2 *

Annotations:
D:4 2 runed translucent doors, hackum's ghost, amateur DgHu


Message History

A hound comes into view.
The water moccasin bites you! The wight hits you with a +1 dagger.
The wight hits you with a +1 long sword.
A wave of flame ripples out!
The flame wave engulfs the wight.
You destroy the wight!
Vehumet accepts your kill.
The flame wave engulfs the water moccasin!
The water moccasin is heavily wounded.
The flame wave engulfs the wight but does no damage.
The wight is severely damaged.
The hound barks!
The water moccasin closely misses you. The wight misses you.
Unknown command.
A wave of flame ripples out!
The flame wave engulfs the water moccasin.
The water moccasin is severely wounded.
The flame wave engulfs the wight.
You destroy the wight!
Vehumet accepts your kill.
The flame wave engulfs the jelly.
The jelly is moderately wounded.
You finish channelling waves of flame.
You hear a shout!
The water moccasin closely misses you. The water moccasin barely misses you.
An iguana comes into view.
The water moccasin bites you.
You are poisoned.
The water moccasin poisons you! The jelly hits you.
You are splashed with acid!
* * * LOW HITPOINT WARNING * * *
You climb upwards.
* * * LOW HITPOINT WARNING * * *
You feel very sick.
There is a stone staircase leading down, spattered with blood here.
Casting: Flame Wave (quite dangerous; 6% risk of failure)
Confirm with . or Enter, or press ? or * to list all spells.
You conjure some foxfire!
* * * LOW HITPOINT WARNING * * *
You feel very sick. The water moccasin bites you.
You die...

.#........#...##......#..# #.#
.........####.##.........# #.#
#.######............#.#.## #.#
#.#.####.####...........# #.#
#.#...##............#§#.# #.#
..#...##..........#.#...# #.#
..#....#..####..........####.#
..#)...#.......S[............#
..÷###.#..####.v@J..##.#######
....####.......†#v..##.#
...........>....#......#
....####.......##...##.#
...###.#............####
..#÷...#.......###..#
..#....#.......###.####
..#...##.......#......#####
#.#...##.......#..........#


You could see a water moccasin (ally target) and a jelly (ally target).

Vanquished Creatures
  An ogre (D:5)
  A centaur (D:5)
  5 scorpions
  3 wights
  A howler monkey (D:4)
  An orc priest (D:3)
  Crazy Yiuf (D:4)
  3 bombardier beetles
  6 hounds
  A jelly (D:4)
  Jessica (D:2)
  4 iguanas
  8 adders
  4 gnolls
  2 shadow imps (D:5)
  A white imp (D:5)
  9 dart slugs
  2 ribbon worms (D:2)
  9 orcs
  5 bats (D:1)
  5 endoplasms
  2 giant cockroaches (D:2)
  7 goblins
  6 hobgoblins
  9 kobolds
  6 quokkas
  9 ball pythons
  3 frilled lizards
  5 rats
120 creatures vanquished.

Vanquished Creatures (collateral kills)
  2 foxfires (D:1)
2 creatures vanquished.

Vanquished Creatures (others)
  355 foxfires
355 creatures vanquished.

Grand Total: 477 creatures vanquished

Notes
Turn   | Place    | Note
-------+----------+-------------------------------------------
     0 | D:1      | funkygono the Deep Elf Fire Elementalist began the quest
                  | for the Orb.
     0 | D:1      | Reached XP level 1. HP: 10/10 MP: 6/6
   156 | D:1      | Reached XP level 2. HP: 15/15 MP: 4/8
   159 | D:1      | Learned a level 2 spell: Scorch
   296 | D:1      | Reached XP level 3. HP: 19/19 MP: 6/10
   300 | D:1      | Learned a level 3 spell: Volatile Blastmotes
   889 | D:2      | You fall into a shaft and drop 2 floors!
   902 | D:4      | Reached skill level 4 in Spellcasting
  1019 | D:3      | Reached XP level 4. HP: 24/24 MP: 4/12
  1221 | D:3      | Found a sparkling altar of Nemelex Xobeh.
  1649 | D:2      | Noticed Jessica
  1655 | D:2      | Killed Jessica
  1790 | D:2      | Reached XP level 5. HP: 28/28 MP: 8/13
  1794 | D:2      | Learned a level 1 spell: Sting
  1799 | D:2      | Learned a level 4 spell: Flame Wave
  1981 | D:2      | Identified the +0 chain mail of Parlour Games {Will+
                  | Stlth+}
  2076 | D:2      | Found Nauwalo's Assorted Antiques.
  3029 | D:4      | Found a runed translucent door.
  3107 | D:4      | Reached skill level 5 in Fire Magic
  3148 | D:4      | Reached skill level 5 in Spellcasting
  3148 | D:4      | Reached XP level 6. HP: 32/32 MP: 12/16
  3229 | D:4      | Found a runed translucent door.
  3377 | D:4      | Reached skill level 6 in Spellcasting
  3502 | D:4      | Found a staircase to the Ecumenical Temple.
  3507 | Temple   | Entered the Ecumenical Temple
  3535 | Temple   | Became a worshipper of Vehumet
  3541 | Temple   | Learned a level 4 spell: Olgreb's Toxic Radiance
  3600 | D:4      | Found a runed translucent door.
  3601 | D:4      | Noticed Crazy Yiuf
  3689 | D:4      | Identified the +7 mace of Stickiness {spect, ^Fragile rN+
                  | Int+3}
  3922 | D:4      | Noticed hackum's ghost (amateur DgHu)
  4140 | D:4      | Killed Crazy Yiuf
  4265 | D:5      | Entered Level 5 of the Dungeon
  4274 | D:5      | Reached XP level 7. HP: 36/36 MP: 12/18
  4479 | D:5      | Reached skill level 7 in Spellcasting
  4848 | D:5      | Reached skill level 1 in Shapeshifting
  4961 | D:5      | Reached XP level 8. HP: 41/41 MP: 16/21
  5215 | D:5      | Reached * piety under Vehumet
  5215 | D:5      | Offered knowledge of Shock by Vehumet.
  5590 | D:6      | Reached skill level 8 in Spellcasting
  5755 | D:5      | Slain by a water moccasin

Illustrated notes

Levels and vault maps discovered:
D:1:      eino_arrival_water_cross, layout_rooms, minmay_pentomino_u4
D:2:      layout_loops_ring, serial_shops, nicolae_shop_behind_doors,
          grunt_ministairs_13, moated_statue, chequers_mini_garden,
          minmay_tiny_reverse_x, uniq_jessica
D:3:      layout_basic, nemelex_diamond_rough_becter, serial_co_window_serial,
          co_window_paths_a, co_window_corner_a, co_window_paths_a,
          co_window_paths_b, co_window_paths_a, co_window_paths_a,
          co_window_corner_a, co_window_paths_a, co_window_paths_a,
          co_window_corner_b, co_window_2corner, co_window_2corner,
          co_window_unsneaky_path_e, co_window_paths_d, glass_columns_c,
          glass_columns_a, glass_columns_b, glass_columns_a, glass_columns_b
D:4:      kennysheep_slugbush, layout_basic, temple_doors_e,
          ebering_ghost_sewer_f, uniq_crazy_yiuf_cottage
D:5:      layout_basic, minmay_pentangle
D:6:      layout_rooms, mainiacjoe_overflow_boulevard, lemuel_round_altar,
          lemuel_mausoleum_altar_yredelemnul, dancing_weapons_uskayaw,
          uniq_duvessa
Temple:   chequers_temple_sunken

Skill      XL: |  1  2  3  4  5  6  7  8 |
---------------+-------------------------+-----
Fire Magic     | 4 5 6 |  6.9
Spellcasting   | 4 5 6 7 8 |  8.5
Conjurations   | 2 3 4 |  4.9
Stealth        | 3 4 |  4.4
Shapeshifting  | 1 2 |  2.7
Fighting       | |  0.2
Dodging        | |  2.8

Action                     |  1- 3 |  4- 6 |  7- 9 || total
---------------------------+-------+-------+-------++-------
  Melee: Short sword       |     2 |     6 |       ||     8
         Dagger            |       |       |     2 ||     2
   Cast: Foxfire           |    63 |   106 |    50 ||   219
         Scorch            |     1 |    14 |    19 ||    34
         Flame Wave        |       |       |     3 ||     3
    Use: Scroll            |       |    11 |     3 ||    14
 Armour: Robe              |     1 |     9 |    28 ||    38
  Dodge: Dodged            |     5 |     5 |    27 ||    37
   Form: Beast             |       |     1 |     1 ||     2
                           |       |     1 |     1 ||     2

Table legend: (Time is in decaauts)
 A = Elapsed time spent in this place.
 B = Non-inter-level travel time spent in this place.
 C = Inter-level travel time spent in this place.
 D = Time resting spent in this place.
 E = Time spent auto-exploring this place.
 F = Levels seen in this place.
 G = Mean time per level.
                   A        B        C        D        E       F      G
               +--------+--------+--------+--------+--------+-----+--------+
         Total |   5778 |   5605 |    173 |    209 |   4466 |   7 |  825.4 |
       Dungeon |   5713 |   5566 |    147 |    209 |   4466 |   6 |  952.2 |
        Temple |     65 |     39 |     26 |      0 |      0 |   1 |   65.0 |
               +--------+--------+--------+--------+--------+-----+--------+

Top non-repeatable levels by time:
     D:5: 1468 daAuts
     D:4: 1448 daAuts
     D:3: 1062 daAuts
     D:2: 952 daAuts
     D:1: 757 daAuts
  Temple: 65 daAuts
     D:6: 24 daAuts
